 Dungeon Crawl Stone Soup version 0.22.0-27-ga576289 (webtiles) character file.

739548 Ijustatesigmund the Slayer (level 27, -13/316 HPs)
             Began as a Gargoyle Fighter on Aug 17, 2018.
             Was the Champion of Okawaru.
             Killed from afar by a hellion (30 damage)
             ... with damnation
             ... on level 7 of Gehenna on Aug 21, 2018.
             The game lasted 04:52:26 (69332 turns).

Ijustatesigmund the Slayer (Gargoyle Fighter)      Turns: 69332, Time: 04:52:27

Health: -13/316    AC: 75    Str: 36    XL:     27
Magic:  46/46      EV: 27    Int: 17    God:    Okawaru [******]
Gold:   5497       SH: 31    Dex: 29    Spells: 20/26 levels left

rFire    + + +     SeeInvis .   d - +9 eveningstar (venom)
rCold    + + .     Gourm    .   c - +5 large shield
rNeg     + + .     Faith    .   n - +13 crystal plate armour of the Republic {Int+2}
rPois    ∞         Spirit   .   J - +2 hat {MR+}
rElec    +         Reflect  .   Q - scarf {rC+ rF+}
rCorr    +         Harm     .   D - +2 pair of gloves {archery}
MR       +++..                  g - +3 pair of boots of Dishonesty {rCorr MP+9 Str+4}
Stlth    ..........             i - amulet of Vitality {Regen+ HP+15}
HPRegen  1.02/turn              A - ring "Ittayf" {+Fly rF++ Str+2 Int+4}
MPRegen  0.30/turn              s - ring of Jailam {rC+ rN+ Str+5 Dex+6}

@: mighty, agile, berserking, flying, studying 2 skills, very quick
A: big wings, thin metallic scales 1, blink, deterioration 1, fire resistance 1,
negative energy resistance 1, electricity resistance, weak 1, wild magic 1,
unbreathing, petrification resistance, rot immunity, AC +20
}: 4/15 runes: serpentine, barnacled, silver, icy
a: Stop Flying, Blink, Heroism, Finesse, Renounce Religion


You were on level 7 of Gehenna.
You worshipped Okawaru.
Okawaru was exalted by your worship.
You were not hungry.

You visited 12 branches of the dungeon, and saw 62 of its levels.
You also visited: Ice Cave and Volcano.

You collected 7741 gold pieces.
You spent 2244 gold pieces at shops.

Inventory:

Hand Weapons
 d - a +9 eveningstar of venom (weapon)
 S - the +7 great mace "Firestarter" {inner flame, rF++}
   (You took it off a deep elf knight on level 3 of the Elven Halls)

   It has been specially enchanted to burn those struck by it, causing extra
   injury to most foes and up to half again as much damage against particularly
   susceptible opponents.
   It greatly protects you from fire.
Missiles
 l - 7 javelins of penetration (quivered)
Armour
 b - +2 fire dragon scales
 c - a +5 large shield (worn)
 g - the +3 pair of boots of Dishonesty (worn) {rCorr MP+9 Str+4}
   (Okawaru gifted it to you on level 6 of the Lair of Beasts)

   It affects your strength (+4).
   It affects your magic capacity (+9).
   It provides partial protection from all sources of acid and corrosion.
 h - a +2 pair of boots of running
 n - the +13 crystal plate armour of the Republic (worn) {Int+2}
   (You acquired it on level 3 of the Shoals)

   It affects your intelligence (+2).
 D - a +2 pair of gloves of archery (worn)
 J - a +2 hat of magic resistance (worn)
 Q - a scarf of resistance (worn)
Jewellery
 e - a +3 ring of slaying
 i - the amulet of Vitality (around neck) {Regen+ HP+15}
   (You found it on level 3 of the Crypt)

   [amulet of regeneration]

   It affects your health (+15).
   It increases your rate of regeneration.
 s - the ring of Jailam (right hand) {rC+ rN+ Str+5 Dex+6}
   (You found it on level 4 of the Snake Pit)

   [ring of positive energy]

   It affects your strength (+5).
   It affects your dexterity (+6).
   It protects you from cold.
   It protects you from negative energy.
 y - the ring "Veeclu" {Ice *Drain MR+ Str+2 Slay+3}
   (You took it off a deep elf elementalist on level 5 of the Vaults)

   [ring of ice]

   It enhances your ice magic.
   It affects your strength (+2).
   It affects your accuracy and damage with ranged weapons and melee attacks
   (+3).
   It makes you vulnerable to fire.
   It protects you from cold.
   It affects your resistance to hostile enchantments.
   It causes draining when unequipped.
 A - the ring "Ittayf" (left hand) {+Fly rF++ Str+2 Int+4}
   (You found it on level 3 of the Crypt)

   [ring of flight]

   It affects your strength (+2).
   It affects your intelligence (+4).
   It greatly protects you from fire.
   It lets you fly.
 H - an uncursed ring of see invisible
 K - an uncursed ring of protection from cold
 O - an uncursed ring of protection from cold
 T - a +4 amulet of reflection
 V - a +3 ring of evasion
Wands
 a - a wand of digging (11)
 p - a wand of polymorph (102)
 r - a wand of iceblast (32)
 L - a wand of acid (14)
Scrolls
 j - 4 scrolls of fog
 q - 2 scrolls of summoning
 t - 18 scrolls of amnesia
 u - 14 scrolls of remove curse
 v - 7 scrolls of fear
 w - 5 scrolls of magic mapping
 B - 2 scrolls of identify
 C - 11 scrolls of teleportation
 N - 3 scrolls of blinking
 W - a scroll of silence
Potions
 k - 19 potions of curing
 o - 6 potions of resistance
 z - 5 potions of magic
 E - 3 potions of ambrosia
 G - a potion of haste
 P - 6 potions of berserk rage
 R - 3 potions of cancellation
 X - 5 potions of mutation
 Z - 2 potions of brilliance
Books
 F - a manual of Hexes
 U - a manual of Earth Magic
Comestibles
 f - 55 rations


   Skills:
 - Level 26.0 Fighting
 - Level 22.3 Maces & Flails
 - Level 5.3 Throwing
 + Level 22.7 Armour
 + Level 17.3 Dodging
 - Level 19.0 Shields
 - Level 11.0 Hexes
 - Level 10.5 Translocations
 - Level 11.2 Fire Magic
 - Level 20.3 Invocations
 - Level 7.9 Evocations


You had 20 spell levels left.
You knew the following spells:

 Your Spells              Type           Power        Failure   Level  Hunger
a - Inner Flame           Hex/Fire       #####...     13%         3    ####...
b - Blink                 Tloc           N/A          10%         2    ###....
c - Apportation           Tloc           #####.       6%          1    ##.....

Your spell library contained the following spells:

 Spells                   Type           Power        Failure   Level  Hunger
 Corona                   Hex            #####..      5%          1    ##.....
 Slow                     Hex            #####...     8%          2    ###....
 Portal Projectile        Hex/Tloc       #####.       16%         3    ####...
 Gell's Gravitas          Tloc           #####.....   17%         3    ####...
 Lesser Beckoning         Tloc           #####.....   17%         3    ####...
 Teleport Other           Tloc           #####...     17%         3    ####...
 Cause Fear               Hex            #####.....   38%         4    #####..
 Passage of Golubria      Tloc           N/A          45%         4    #####..
 Ensorcelled Hibernation  Hex/Ice        ###...       50%         2    ###....
 Throw Flame              Conj/Fire      ###...       50%         2    ###....
 Shroud of Golubria       Chrm/Tloc      ###.......   54%         2    ###....
 Conjure Flame            Conj/Fire      ###.....     73%         3    ####...
 Dazzling Spray           Conj/Hex       ###...       73%         3    ####...
 Summon Guardian Golem    Hex/Summ       ###.....     73%         3    ####...
 Recall                   Summ/Tloc      N/A          77%         3    ####...
 Ignite Poison            Fire/Tmut/Pois ###.....     92%         3    ####...
 Beastly Appendage        Tmut           #.....       98%         1    ##.....
 Freeze                   Ice            #...         98%         1    ##.....
 Magic Dart               Conj           #...         98%         1    ##.....
 Pain                     Necr           #...         98%         1    ##.....
 Sandblast                Erth           #.....       98%         1    ##.....
 Sting                    Conj/Pois      #...         98%         1    ##.....
 Summon Butterflies       Summ           #.......     98%         1    ##.....
 Summon Small Mammal      Summ           #...         98%         1    ##.....
 Force Lance              Conj/Tloc      ###.....     98%         4    #####..
 Fulminant Prism          Conj/Hex       ###.......   98%         4    #####..
 Leda's Liquefaction      Hex/Erth       ###.......   98%         4    #####..
 Sticky Flame             Conj/Fire      ###.....     98%         4    #####..
 Call Imp                 Summ           #.......     99%         2    ###....
 Corpse Rot               Necr           N/A          99%         2    ###....
 Passwall                 Tmut/Erth      #.......     99%         2    ###....
 Poisonous Vapours        Pois/Air       #.....       99%         2    ###....
 Searing Ray              Conj           #.....       99%         2    ###....
 Song of Slaying          Chrm           #.......     99%         2    ###....
 Sticks to Snakes         Tmut           #.......     99%         2    ###....
 Throw Frost              Conj/Ice       #.....       99%         2    ###....
 Darkness                 Hex            #####.....   99%         6    #######
 Call Canine Familiar     Summ           #.......     100%        3    ####...
 Mephitic Cloud           Conj/Pois/Air  #.......     100%        3    ####...
 Spider Form              Tmut/Pois      #.........   100%        3    ####...
 Stone Arrow              Conj/Erth      #.....       100%        3    ####...
 Airstrike                Air            #.........   100%        4    #####..
 Animate Dead             Necr           N/A          100%        4    #####..
 Ice Form                 Ice/Tmut       #.......     100%        4    #####..
 Iskenderun's Mystic Bla  Conj           #.......     100%        4    #####..
 Olgreb's Toxic Radiance  Pois           #.......     100%        4    #####..
 Petrify                  Tmut/Erth      #.......     100%        4    #####..
 Summon Ice Beast         Ice/Summ       #.......     100%        4    #####..
 Summon Lightning Spire   Summ/Air       #.......     100%        4    #####..
 Throw Icicle             Conj/Ice       #.......     100%        4    #####..
 Agony                    Necr           #.......     100%        5    ######.
 Alistair's Intoxication  Tmut/Pois      #.......     100%        5    ######.
 Aura of Abjuration       Summ           #.........   100%        5    ######.
 Blade Hands              Tmut           #.........   100%        5    ######.
 Bolt of Draining         Conj/Necr      #.........   100%        5    ######.
 Bolt of Magma            Conj/Fire/Erth ###.......   100%        5    ######.
 Borgnjor's Vile Clutch   Necr/Erth      #.........   100%        5    ######.
 Dispel Undead            Necr           #.......     100%        5    ######.
 Excruciating Wounds      Chrm/Necr      #.........   100%        5    ######.
 Fireball                 Conj/Fire      ###.......   100%        5    ######.
 Irradiate                Conj/Tmut      #.........   100%        5    ######.
 Lee's Rapid Deconstruct  Erth           #.........   100%        5    ######.
 Lightning Bolt           Conj/Air       #.........   100%        5    ######.
 Metabolic Englaciation   Hex/Ice        ###.......   100%        5    ######.
 Silence                  Hex/Air        ###.......   100%        5    ######.
 Summon Demon             Summ           #.........   100%        5    ######.
 Summon Forest            Summ/Tloc      ###.......   100%        5    ######.
 Summon Mana Viper        Hex/Summ       ###.....     100%        5    ######.
 Venom Bolt               Conj/Pois      #.........   100%        5    ######.
 Bolt of Cold             Conj/Ice       #.........   100%        6    #######
 Conjure Ball Lightning   Conj/Air       #.........   100%        6    #######
 Death Channel            Necr           #.........   100%        6    #######
 Deflect Missiles         Chrm/Air       #.........   100%        6    #######
 Dispersal                Tloc           #####.....   100%        6    #######
 Freezing Cloud           Conj/Ice/Air   #.........   100%        6    #######
 Hydra Form               Tmut           #.........   100%        6    #######
 Iron Shot                Conj/Erth      #.........   100%        6    #######
 Ozocubu's Refrigeration  Ice            #.........   100%        6    #######
 Shadow Creatures         Summ           N/A          100%        6    #######
 Simulacrum               Ice/Necr       #.........   100%        6    #######
 Dragon Form              Tmut           #.........   100%        7    #######
 Haunt                    Necr/Summ      #.........   100%        7    #######
 Malign Gateway           Summ/Tloc      ###.......   100%        7    #######
 Monstrous Menagerie      Summ           #.........   100%        7    #######
 Ring of Flames           Chrm/Fire      ###.......   100%        7    #######
 Summon Greater Demon     Summ           #.........   100%        7    #######
 Summon Hydra             Summ           #.........   100%        7    #######
 Borgnjor's Revivificati  Necr           #.........   100%        8    #######
 Controlled Blink         Tloc           N/A          100%        8    #######
 Death's Door             Chrm/Necr      #.........   100%        8    #######
 Disjunction              Tloc           #####.....   100%        8    #######
 Infestation              Necr           #.........   100%        8    #######
 Necromutation            Tmut/Necr      #.........   100%        8    #######
 Summon Horrible Things   Summ           #.........   100%        8    #######
 Shatter                  Erth           #.........   100%        9    #######
 Tornado                  Air            #.........   100%        9    #######
 Sublimation of Blood     Necr           Unusable     N/A         2    N/A
 Statue Form              Tmut/Erth      Unusable     N/A         6    N/A

Dungeon Overview and Level Annotations

Branches:
Dungeon (15/15)            Temple (0/1) D:5            Lair (6/6) D:9
 Shoals (4/4) Lair:2        Snake (4/4) Lair:4        Slime (0/5) Lair:5
    Orc (2/2) D:12            Elf (3/3) Orc:2        Vaults (5/5) D:14
  Crypt (3/3) Vaults:2       Tomb (0/3) Crypt:3      Depths (5/5) D:15
   Hell (1/1)                 Dis (0/7) Hell            Geh (7/7) Hell
    Coc (7/7) Hell            Tar (0/7) Hell            Zot (0/5) Depths:5

Altars:
Ashenzari
Cheibriados
Elyvilon
Fedhas
Gozag
Hepliaklqana
Kikubaaqudgha
Makhleb
Okawaru
Ru
Xom
Yredelemnul
Beogh
Lugonu

Shops:
D:7 [   D:8 :   Orc:1 *   Orc:2 (??*   Elf:1 *   Shoals:2 *:=   Shoals:4 [
Snake:1 [   Vaults:1 :   Depths:5 ==}

Portals:
Hell: Depths:1 Depths:2 Depths:3 Depths:4 Depths:5
Abyss: Depths:1 Depths:2 Depths:4
Pandemonium: Depths:1 Depths:3 Depths:5
Ziggurat: Depths:5
Trove: D:14 (give +5 demon trident)


Innate Abilities, Weirdness & Mutations

You are resistant to torment.
Your stone body is resilient. (AC +20)
You are immune to poison.
Your large and strong wings let you fly indefinitely.
You resist negative energy. (rN+)
You are resistant to electric shocks. (rElec)
You can survive without breathing.
You are immune to petrification.
You are immune to rotting.
You are partially covered in thin metallic scales. (AC +2)
You can translocate small distances at will.
Your body sometimes deteriorates upon taking damage.
Your flesh is heat resistant. (rF+)
You are weak. (Str -2)
Your spells are a little harder to cast, but a little more powerful.


Message History

The sphere of damnation explodes!
The damnation engulfs you!
* * * LOW HITPOINT WARNING * * *
The damnation engulfs the hellion.
The hellion completely resists.
You completely miss the hellion. The hellion gestures at you.
The sphere of damnation explodes!
The damnation engulfs you!
* * * LOW HITPOINT WARNING * * *
The damnation engulfs the hellion.
The hellion completely resists.
Okay, then.
A red film seems to cover your vision as you go berserk!
You feel yourself moving faster!
You feel mighty! The hellion gestures at you.
The sphere of damnation explodes!
The damnation engulfs you!
* * * LOW HITPOINT WARNING * * *
The damnation engulfs the hellion.
The hellion completely resists.
You bludgeon the hellion!!
The hellion is severely wounded.
The hellion gestures at you.
The sphere of damnation explodes!
The damnation engulfs you!
You die...

#...#≈≈≈≈≈≈* ##...## *≈≈≈≈≈≈≈≈≈
#...#≈≈≈≈≈≈*##.....##*≈≈≈≈≈≈≈≈≈
....#≈≈≈≈≈≈*#...#...#*≈≈≈≈≈≈≈≈≈
#...#≈≈≈≈≈≈*##.....##*≈≈≈≈≈≈≈≈≈
#...#≈≈≈≈≈≈* ##...## *≈≈≈≈≈≈≈≈≈
#..##≈≈≈≈≈≈* #...# *≈≈≈≈≈≈≈≈≈
#..#≈≈≈≈≈≈≈* #...# *≈≈≈≈≈≈≈≈≈
#..#≈≈≈≈≈≈≈* #...# *≈≈≈≈≈≈≈≈≈
#..#≈≈≈≈≈≈≈* #.@.# *≈≈≈≈≈≈≈≈≈
#..#≈≈≈≈≈≈≈* ##2## *≈≈≈≈≈≈≈≈≈
#+##**≈≈≈≈≈****.WZ****≈≈≈≈≈≈≈≈≈
,,,,,*≈≈≈≈≈**,.....,**≈≈≈≈≈≈≈≈≈
,,,,,*≈≈≈≈≈**.$$$$$.**≈≈≈≈≈≈≈≈≈
,**,,*≈≈≈≈≈*#.$$)[$.#*≈≈≈≈≈≈≈≈≈
,**,,*≈≈≈≈≈*#.$(φ$$.#*≈≈≈≈≈≈≈≈≈
,,,,,*≈≈≈≈≈*#.$$$$$.#*≈≈≈≈≈≈≈≈≈
,,,,,*≈≈≈≈≈**,,,,,,,**≈≈≈≈≈≈≈≈≈


You could see a hellion, a wraith and an emperor scorpion zombie.

Vanquished Creatures
  Antaeus (Coc:7)
  Asmodeus (Geh:7)
  Mara (Vaults:3)
  A juggernaut (Depths:4)
  8 shard shrikes
  The ghost of Aptytisy the Metallomancer, a veteran GrWz of Vehumet (Vaults:1)
  3 caustic shrikes (Depths:4)
  Geryon (Hell)
  A golden dragon (Vaults:5)
  Nikola (Depths:2)
  4 bone dragons
  2 profane servitors (Crypt:3)
  A Tzitzimitl (Coc:1)
  15 Brimstone Fiends
  The ghost of Ysaheo the Acrobat, an adept MfSk of Okawaru (Vaults:1)
  6 liches
  A shard shrike zombie (Crypt:1)
  2 tentacled monstrosities
  14 Ice Fiends
  Rupert (Orc:2)
  2 deep elf blademasters
  3 large abominations (Vaults:3)
  9 titans
  A deep elf master archer (Depths:2)
  2 quicksilver dragons
  A kraken (Shoals:4)
  3 acid blobs (Depths:5)
  2 eldritch tentacles
  8 sphinxes
  6 storm dragons
  2 draconian monks (Depths:5)
  Kirke (Lair:4)
  A thorn hunter (D:11)
  7 shadow dragons
  Donald (Elf:3)
  Agnes (D:14)
  An azure jelly (shapeshifter) (Depths:3)
  12 nagarajas (Snake:4)
  2 revenants
  11 tengu reavers
  3 azure jellies (Depths:5)
  17 fire giants
  5 iron dragons
  16 frost giants
  9 deep elf sorcerers (Elf:3)
  10 balrugs
  17 vault wardens
  An orc warlord (Orc:2)
  A ghost moth (shapeshifter) (Depths:2)
  2 curse skulls (Crypt:3)
  7 deep elf elementalists
  A caustic shrike zombie (Hell)
  A ghost moth (Depths:2)
  An emperor scorpion (shapeshifter) (Depths:4)
  8 ghouls
  The ghost of Yrphutuu the Cleaver, a journeyman MiFi of Makhleb (Lair:5)
  15 reapers
  2 spriggan defenders (Depths:3)
  6 war gargoyles
  10 ironheart preservers
  19 very ugly things
  A caustic shrike skeleton (Depths:1)
  7 elemental wellsprings
  2 vampire knights
  A black draconian (Depths:5)
  28 stone giants
  An entropy weaver (Vaults:3)
  A purple draconian (Depths:5)
  6 deep elf demonologists
  5 dire elephants (Lair:6)
  3 lorocyprocas
  8 deep elf annihilators
  Azrael (Elf:2)
  A white draconian (Depths:5)
  4 spark wasps
  A yellow draconian (Depths:5)
  14 eidola
  A spark wasp (shapeshifter) (Depths:5)
  The ghost of casual the Blocker, a journeyman DsWn of Ru (Orc:1)
  19 ettins
  A small abomination (Vaults:4)
  2 mummy priests
  9 merfolk impalers
  11 deep elf death magi
  6 jiangshi
  20 blizzard demons
  20 yaktaur captains
  9 fire dragons
  2 quicksilver dragon zombies
  A kraken zombie (Coc:7)
  4 deep elf high priests
  A crystal guardian (Depths:2)
  3 merfolk javelineers
  10 death oozes (Depths:5)
  Fannar (Lair:1)
  24 ice dragons
  12 great orbs of eyes
  5 rakshasas
  6 hydras
  A catoblepas (D:15)
  31 vault guards
  2 quicksilver dragon skeletons
  32 naga warriors
  3 anacondas
  17 centaur warriors
  7 spriggan air magi
  4 alligator snapping turtles
  2 juggernaut simulacra (Depths:2)
  4 hell beasts
  6 merfolk aquamancers
  A death yak (shapeshifter) (D:14)
  16 ogre magi
  6 death knights
  An anaconda (shapeshifter) (Vaults:3)
  3 merfolk avatars
  65 two-headed ogres
  7 deep troll shamans
  8 deep troll earth magi
  Erica (D:9)
  8 vampire magi
  3 satyrs (Shoals:4)
  10 spriggan berserkers
  3 tengu warriors
  Urug (Orc:2)
  20 naga sharpshooters
  7 death yaks
  7 shock serpents
  4 orc high priests (Orc:2)
  14 sun demons
  5 soul eaters
  36 dancing weapons
  3 titan zombies
  31 deep elf knights
  3 iron golems
  4 storm dragon zombies
  3 shadow wraiths
  4 titan skeletons
  2 fire crabs (shapeshifter)
  3 unseen horrors
  64 skeletal warriors
  3 iron trolls
  30 hell knights
  An iron troll (shapeshifter) (Vaults:5)
  2 salamander mystics
  2 golden dragon zombies
  A sixfirhy (Depths:1)
  11 flayed ghosts
  9 anaconda zombies
  11 sea snakes
  22 deep trolls
  9 deep elf archers
  2 glowing orange brains
  A swamp dragon (shapeshifter) (Depths:2)
  3 storm dragon skeletons
  30 phantasmal warriors
  13 naga ritualists
  16 orc knights
  7 wizards
  A shambling mangrove (D:11)
  4 harpies (shapeshifter)
  An orange crystal statue (Elf:1)
  5 golden dragon skeletons
  5 shadow dragon zombies
  4 iron dragon zombies
  11 harpies
  23 ironbrand convokers
  2 wolf spider zombies
  6 orc sorcerers
  5 tengu zombies
  5 anaconda skeletons
  2 shadow dragon skeletons
  9 stone giant zombies
  73 deep elf magi
  9 mana vipers
  5 fire giant zombies
  13 manticores
  23 fauns
  A faun (shapeshifter) (Depths:2)
  A mana viper (shapeshifter) (Depths:2)
  10 wolf spiders
  A shining eye (shapeshifter) (Depths:2)
  A salamander (shapeshifter) (Depths:3)
  42 ugly things
  19 elephants
  13 salamanders
  4 frost giant skeletons
  2 frost giant zombies
  13 cyclopes
  9 necromancers
  A sphinx skeleton (Vaults:1)
  6 dire elephant zombies
  5 iron dragon skeletons
  11 guardian serpents
  5 molten gargoyles
  11 rust devils
  2 shock serpent zombies
  5 fire giant skeletons
  Psyche (D:9)
  18 vault sentinels
  2 stone giant skeletons (Coc:2)
  5 merfolk sirens
  5 ice statues
  38 naga magi
  41 black mambas
  2 human skeletons
  A torpor snail (Lair:5)
  8 smoke demons
  A titan simulacrum (Vaults:3)
  An orange demon (Depths:5)
  7 spiny frogs
  6 water nymphs
  A gargoyle (D:15)
  3 yaktaur zombies
  2 emperor scorpion zombies
  6 centaur skeletons
  A red draconian zombie (Crypt:2)
  3 kobold demonologists (D:12)
  4 dire elephant skeletons
  13 hellions
  A torpor snail (shapeshifter) (Elf:3)
  38 yaktaurs
  A minotaur zombie (Crypt:1)
  11 tormentors
  A komodo dragon (shapeshifter) (Vaults:3)
  2 anaconda simulacra
  7 rime drakes
  5 efreet (Geh:7)
  5 komodo dragons
  An iron troll zombie (Crypt:1)
  49 ice devils
  11 red devils
  41 freezing wraiths
  8 hydra zombies
  A ghost moth simulacrum (Coc:2)
  A tengu conjurer (Depths:1)
  A hellwing (Depths:5)
  3 harpy zombies
  5 jumping spiders (Crypt:3)
  10 trolls
  2 wind drakes (shapeshifter)
  4 fire dragon zombies
  5 wind drakes
  35 merfolk
  A polar bear (shapeshifter) (Depths:4)
  18 polar bears
  8 hornets
  A dream sheep (shapeshifter) (Depths:2)
  2 harpy skeletons
  16 slime creatures
  13 blink frogs
  3 ice dragon zombies
  5 hydra skeletons
  9 alligator zombies
  A snapping turtle (shapeshifter) (Depths:1)
  16 dream sheep
  Prince Ribbit (D:5)
  17 snapping turtles
  A spriggan zombie (Hell)
  A fire giant simulacrum (Coc:7)
  Sigmund (D:2)
  3 ettin zombies
  A frost giant simulacrum (Vaults:1)
  2 tarantellas (shapeshifter)
  A centaur simulacrum (D:15)
  A black mamba zombie (Coc:1)
  26 wraiths
  15 hippogriffs
  3 redbacks
  6 spriggans
  13 shadows
  A spriggan skeleton (Depths:1)
  4 fire dragon skeletons
  29 flying skulls
  A vampire (D:5)
  3 wyverns
  2 ettin skeletons
  An air elemental (Elf:2)
  2 ice dragon skeletons
  42 water elementals
  A human (shapeshifter) (Vaults:2)
  2 ushabtiu (Crypt:3)
  43 yaks
  4 ynoxinuls
  4 hogs (Lair:4)
  22 fire elementals
  A steam dragon (D:12)
  6 basilisks
  2 fire bats (Volcano)
  7 vampire mosquitoes
  6 hungry ghosts
  89 nagas
  A spatial vortex (Geh:7)
  Menkaure (D:5)
  7 wargs
  A monstrous demonspawn zombie (Crypt:2)
  A naga (shapeshifter) (D:14)
  An acid dragon (D:15)
  7 spiny frog zombies
  A water moccasin (shapeshifter) (Vaults:5)
  3 hydra simulacra
  16 water moccasins
  Duvessa (D:5)
  7 porcupines
  17 hell hounds
  A floating eye (Depths:4)
  A floating eye (shapeshifter) (Vaults:3)
  A black bear (shapeshifter) (D:13)
  41 orc warriors
  4 spiny frog skeletons
  3 sky beasts
  2 swamp dragon zombies (Coc:1)
  15 ice beasts
  A black bear (D:8)
  A snapping turtle zombie (Coc:3)
  20 necrophages
  A human zombie (Vaults:3)
  A deep troll simulacrum (Depths:1)
  50 wolves
  27 centaurs
  7 boggarts
  2 manticore zombies (Coc:7)
  8 phantoms
  48 ogres
  A snapping turtle skeleton (Geh:2)
  10 crocodiles
  A manticore skeleton (Coc:7)
  An elf skeleton (Vaults:3)
  A blink frog skeleton (Crypt:2)
  2 swamp dragon skeletons (Coc:3)
  7 big kobolds
  A gnoll sergeant (D:9)
  23 bullfrogs
  An octopode zombie (Crypt:1)
  Dowan (D:5)
  12 wyvern skeletons
  6 scorpions
  A warg skeleton (Crypt:2)
  35 wights
  5 killer bees (D:12)
  A human simulacrum (Vaults:1)
  2 howler monkeys
  2 electric eels (Lair:2)
  A bullfrog zombie (D:12)
  2 centaur zombies
  7 lava snakes (Volcano)
  9 jellies
  11 crimson imps
  4 bullfrog skeletons
  6 hounds
  30 orc priests
  5 iron imps (Crypt:1)
  5 iguanas
  20 orc wizards
  A black bear skeleton (Crypt:2)
  7 hell rats (Lair:2)
  10 worker ants
  2 ogre skeletons
  2 tengu skeletons
  A hound skeleton (D:10)
  2 mummies
  4 howler monkey zombies
  8 gnolls
  A howler monkey skeleton (Crypt:2)
  11 adders
  4 shadow imps
  25 white imps
  An ooze (Depths:5)
  A halfling skeleton (Crypt:1)
  A worm (D:8)
  2 dart slugs
  5 leopard geckos
  117 orcs
  6 giant cockroaches
  11 goblins
  10 hobgoblins
  12 jackals
  43 kobolds
  7 quokkas
  A ball python (D:8)
  11 bats
  9 frilled lizards
  3 leopard gecko skeletons
  8 rats
  2 crawling corpses
  2 fire vortices
  A fungus (Lair:6)
  6 plants
  6 tentacles
  2 withered plants (Crypt:3)
3269 creatures vanquished.

Vanquished Creatures (collateral kills)
  A fire giant (Geh:7)
1 creature vanquished.

Vanquished Creatures (others)
  Vashnia (Snake:2)
  Asterion (Elf:3)
  2 deep elf master archers (Elf:3)
  An elemental wellspring (Coc:7)
  An ironheart preserver (Vaults:1)
  2 satyrs (Shoals:4)
  A vampire mage (Depths:4)
  3 naga sharpshooters
  4 deep elf knights
  A naga ritualist (Snake:4)
  4 deep elf archers
  2 deep elf magi
  A faun (Shoals:4)
  A black mamba (Snake:4)
  2 yaktaurs
  A polar bear (IceCv)
  A hydra zombie (Geh:3)
  A merfolk (Shoals:4)
  A black mamba zombie (Geh:3)
  A water elemental (Depths:4)
  A ynoxinul (Depths:3)
  A wraith (D:15)
  A naga (Snake:4)
  A boggart (Vaults:2)
  2 centaurs (Vaults:1)
  2 crimson imps (Geh:3)
  A jelly (Depths:5)
  A worker ant (D:6)
  4 orcs
  A quokka (D:14)
  11 fungi
  72 plants
  18 tentacles
  A withered plant (Crypt:3)
149 creatures vanquished.

Grand Total: 3419 creatures vanquished

Notes
Turn   | Place    | Note
-------+----------+-------------------------------------------
     0 | D:1      | Ijustatesigmund the Gargoyle Fighter began the quest for the Orb.
     0 | D:1      | Reached XP level 1. HP: 14/14 MP: 1/1
   141 | D:1      | Reached XP level 2. HP: 13/19 MP: 2/2
   647 | D:1      | Reached XP level 3. HP: 24/24 MP: 3/3
   790 | D:1      | Found a shattered altar of Ashenzari.
  1286 | D:2      | Noticed Sigmund
  1294 | D:2      | Killed Sigmund
  1294 | D:2      | Reached skill level 4 in Fighting
  1294 | D:2      | Reached skill level 5 in Maces & Flails
  1294 | D:2      | Reached XP level 4. HP: 24/30 MP: 4/4
  1294 | D:2      | Reached XP level 5. HP: 27/34 MP: 5/5
  1470 | D:2      | Gained mutation: Your body sometimes deteriorates upon taking damage. [potion of mutation]
  1470 | D:2      | Gained mutation: You are clumsy. (Dex -2) [potion of mutation]
  1470 | D:2      | Gained mutation: You expend magic power (3 MP) to strengthen your wands. [potion of mutation]
  1494 | D:2      | Reached XP level 6. HP: 40/40 MP: 6/6
  2042 | D:3      | Reached skill level 5 in Fighting
  2655 | D:4      | You fall through a shaft!
  2655 | D:5      | Entered Level 5 of the Dungeon
  2659 | D:5      | Noticed a phantom
  2675 | D:5      | Killed a phantom
  2675 | D:5      | Reached XP level 7. HP: 44/44 MP: 7/7
  2833 | D:5      | Reached skill level 6 in Fighting
  3147 | D:5      | Noticed Duvessa
  3151 | D:5      | Noticed Dowan
  3369 | D:4      | Found a shattered altar of Ashenzari.
  3369 | D:4      | Found a faded altar of an unknown god.
  3374 | D:4      | Found a faded altar of an unknown god.
  3376 | D:4      | Found an opulent altar of Gozag.
  3378 | D:4      | Found an iron altar of Okawaru.
  3436 | D:4      | Reached XP level 8. HP: 51/51 MP: 8/8
  3801 | D:4      | Became a worshipper of Warmaster Okawaru
  3894 | D:5      | Killed Dowan
  4171 | D:5      | Noticed a wraith
  4171 | D:5      | Noticed a vampire
  4365 | D:5      | Killed Duvessa
  4365 | D:5      | Reached skill level 7 in Fighting
  4517 | D:5      | Found an ancient bone altar of Kikubaaqudgha.
  4519 | D:5      | Noticed Menkaure
  4524 | D:5      | Found a basalt altar of Yredelemnul.
  4527 | D:5      | Found a transporter.
  4545 | D:5      | Found a transporter.
  4583 | D:5      | Found a staircase to the Ecumenical Temple.
  4583 | D:5      | Noticed Prince Ribbit
  4813 | D:5      | Killed Prince Ribbit
  4813 | D:5      | Reached skill level 5 in Armour
  4813 | D:5      | Reached skill level 5 in Shields
  4934 | D:6      | Reached * piety under Okawaru
  4936 | D:6      | Reached XP level 9. HP: 56/57 MP: 9/9
  4944 | D:6      | Reached skill level 1 in Invocations
  4947 | D:6      | Reached skill level 1 in Dodging
  4983 | D:6      | Found a shimmering altar of Xom.
  5872 | D:7      | Reached skill level 8 in Fighting
  5876 | D:7      | Found a hazy altar of Hepliaklqana.
  5967 | D:7      | Found Aggyufiw's Antique Armour Emporium.
  6005 | D:7      | Reached ** piety under Okawaru
  6135 | D:7      | Bought a glowing cloak for 210 gold pieces
  6523 | D:5      | Killed Menkaure
  6527 | D:5      | Reached XP level 10. HP: 65/65 MP: 6/13
  6697 | D:8      | Found Liereof's Book Shop.
  6786 | D:8      | Found a hazy altar of Hepliaklqana.
  6838 | D:8      | Reached skill level 9 in Fighting
  6880 | D:8      | Found a blossoming altar of Fedhas.
  7091 | D:8      | Found a snail-covered altar of Cheibriados.
  7282 | D:9      | Noticed Erica
  7289 | D:9      | Reached skill level 5 in Invocations
  7307 | D:9      | Killed Erica
  7307 | D:9      | Reached *** piety under Okawaru
  7663 | D:9      | Reached **** piety under Okawaru
  7787 | D:9      | Reached skill level 10 in Maces & Flails
  7804 | D:9      | Reached XP level 11. HP: 38/72 MP: 15/15
  7923 | D:9      | Found a staircase to the Lair.
  7944 | D:9      | Noticed a two-headed ogre
  7961 | D:9      | Killed a two-headed ogre
  7961 | D:9      | Reached skill level 10 in Fighting
  7961 | D:9      | Reached skill level 5 in Dodging
  8025 | D:9      | Noticed Psyche
  8122 | D:9      | Killed Psyche
  8513 | D:10     | Entered Level 10 of the Dungeon
  8660 | D:9      | Identified a scroll of acquirement
  8682 | D:9      | Reached ***** piety under Okawaru
  8841 | D:10     | Identified the Almanac of Helpful Ignition
  9112 | D:10     | Found a snail-covered altar of Cheibriados.
  9531 | D:11     | Received a gift from Okawaru
  9554 | D:11     | Noticed an oklob plant
  9554 | D:11     | Noticed an oklob plant
  9555 | D:11     | Noticed a thorn hunter
  9555 | D:11     | an oklob plant changed into a thorn hunter
  9577 | D:11     | Killed a thorn hunter
  9577 | D:11     | Reached skill level 11 in Fighting
  9652 | D:11     | Noticed a shambling mangrove
  9652 | D:11     | an oklob plant changed into a shambling mangrove
  9747 | D:11     | Killed a shambling mangrove
 10474 | D:11     | Reached XP level 12. HP: 79/80 MP: 18/18
 10662 | D:12     | Found a staircase to the Orcish Mines.
 10851 | D:12     | Noticed a two-headed ogre
 10857 | D:12     | Killed a two-headed ogre
 10857 | D:12     | Reached skill level 12 in Fighting
 10884 | D:12     | Received a gift from Okawaru
 10945 | D:12     | Reached skill level 10 in Invocations
 11148 | D:12     | Noticed a sun demon
 11307 | D:13     | Noticed Nessos
 11308 | D:13     | Noticed Nessos
 11308 | D:13     | Nessos changed into Nessos the dream sheep
 11308 | D:13     | Noticed a centaur warrior
 11313 | D:13     | Killed Nessos the dream sheep
 11322 | D:13     | Killed a centaur warrior
 11344 | D:13     | Reached ****** piety under Okawaru
 11450 | D:13     | Noticed a centaur warrior
 11459 | D:13     | Killed a centaur warrior
 11553 | D:13     | Reached XP level 13. HP: 81/87 MP: 21/21
 11583 | D:13     | Received a gift from Okawaru
 11611 | D:13     | Found a runed gate.
 11611 | D:13     | Found a runed gate.
 11611 | D:13     | Found a runed gate.
 11620 | D:13     | Reached skill level 13 in Fighting
 11649 | D:13     | Noticed a vampire knight
 11652 | D:13     | Noticed an ettin
 11653 | D:13     | Noticed an ettin
 12193 | D:13     | Noticed a fire dragon
 12195 | D:13     | Found a runed gate.
 12195 | D:13     | Found a runed gate.
 12195 | D:13     | Found a runed gate.
 12265 | D:13     | Killed an ettin
 12267 | D:13     | HP: 4/88 [something (6)]
 12467 | D:13     | Killed an ettin
 12534 | D:13     | Killed a fire dragon
 12749 | D:14     | Received a gift from Okawaru
 12762 | D:14     | Found a white marble altar of Elyvilon.
 12818 | D:14     | Found a gate to the Vaults.
 12818 | D:14     | Noticed a vault guard
 12818 | D:14     | Noticed a vault guard
 12818 | D:14     | Noticed a vault guard
 12818 | D:14     | Noticed a vault guard
 12867 | D:14     | Killed a vault guard
 12895 | D:14     | Killed a vault guard
 12907 | D:14     | Killed a vault guard
 13026 | D:14     | Killed a vault guard
 13063 | D:14     | Received a gift from Okawaru
 13074 | D:14     | Gained mutation: Your large and strong wings let you fly indefinitely. [Gargoyle growth]
 13074 | D:14     | Reached XP level 14. HP: 94/94 MP: 11/23
 13257 | D:14     | Found a portal to a secret trove of treasure.
 13292 | D:14     | Noticed Agnes
 13309 | D:14     | Killed Agnes
 13388 | D:14     | Found a sacrificial altar of Ru.
 13670 | D:14     | Paralysed by a great orb of eyes for 7 turns
 13866 | D:14     | Identified the Collected Works on Earthen Necromancy
 14124 | Lair:1   | Entered Level 1 of the Lair of Beasts
 14187 | Lair:1   | Got an ancient scale mail
 14203 | Lair:1   | Identified the +6 scale mail of Lugonu's Approval {Str+3 Dex+6 Stlth-} (You found it on level 1 of the Lair of Beasts)
 14210 | Lair:1   | Found a frozen archway.
 14235 | IceCv    | Entered an ice cave
 14236 | IceCv    | Upgraded the game from 0.22.0-16-gc6d26f6 to 0.22.0-25-g7663229
 14851 | IceCv    | Noticed a frost giant
 14883 | IceCv    | Killed a frost giant
 14883 | IceCv    | Reached skill level 10 in Armour
 14894 | IceCv    | Received a gift from Okawaru
 15002 | Lair:1   | Noticed Fannar
 15024 | Lair:1   | Killed Fannar
 15739 | Lair:2   | Reached XP level 15. HP: 96/98 MP: 20/25
 16028 | Lair:2   | Reached skill level 15 in Maces & Flails
 16517 | Lair:2   | Found a staircase to the Shoals.
 16768 | Lair:3   | Received a gift from Okawaru
 16876 | Lair:3   | Found a dark tunnel.
 16893 | Volcano  | Entered a volcano
 17098 | Volcano  | Found a bloodstained altar of Trog.
 17515 | Lair:3   | Identified the Collected Works on Displacement and Creation
 18286 | Lair:4   | Found a staircase to the Snake Pit.
 18582 | Lair:4   | Lost mutation: You expend magic power (3 MP) to strengthen your wands. [potion of mutation]
 18582 | Lair:4   | Lost mutation: Your body sometimes deteriorates upon taking damage. [potion of mutation]
 18582 | Lair:4   | Lost mutation: You are clumsy. (Dex -2) [potion of mutation]
 18582 | Lair:4   | Gained mutation: You are partially covered in thin metallic scales. (AC +2) [potion of mutation]
 18582 | Lair:4   | Gained mutation: Your body sometimes deteriorates upon taking damage. [potion of mutation]
 18582 | Lair:4   | Gained mutation: Your flesh is heat resistant. (rF+) [potion of mutation]
 18582 | Lair:4   | Gained mutation: Your spells are a little harder to cast, but a little more powerful. [potion of mutation]
 18774 | Lair:4   | Received a gift from Okawaru
 18832 | Lair:4   | Noticed Kirke
 18838 | Lair:4   | Noticed a sphinx
 18861 | Lair:4   | Noticed a sphinx
 19099 | Lair:4   | Noticed a sphinx
 19182 | Lair:4   | Killed Kirke
 19448 | Lair:5   | Found a runed door.
 19718 | Lair:5   | Reached XP level 16. HP: 104/104 MP: 27/27
 19773 | Lair:5   | Found a shimmering altar of Xom.
 19773 | Lair:5   | Noticed Yrphutuu's ghost (journeyman MiFi)
 19786 | Lair:5   | Reached skill level 15 in Invocations
 19804 | Lair:5   | Killed Yrphutuu's ghost
 20110 | Lair:5   | Found a staircase to the Slime Pits.
 20320 | Lair:6   | Entered Level 6 of the Lair of Beasts
 20583 | Lair:6   | Identified the +5 scale mail of Fobli {rC- rN++ Int+2} (You found it on level 6 of the Lair of Beasts)
 20833 | Lair:6   | Reached skill level 1 in Hexes
 21283 | Lair:6   | Received a gift from Okawaru
 21312 | Lair:6   | Got a pair of dazzling boots {god gift}
 21318 | Lair:6   | Identified the +3 pair of boots of Dishonesty {rCorr MP+9 Str+4} (Okawaru gifted it to you on level 6 of the Lair of Beasts)
 21619 | Lair:6   | Reached skill level 5 in Hexes
 21743 | Shoals:1 | Entered Level 1 of the Shoals
 22139 | Shoals:1 | Learned a level 3 spell: Inner Flame
 22400 | Shoals:1 | Reached skill level 1 in Fire Magic
 23017 | Shoals:2 | Found Qibos's Jewellery Boutique.
 23034 | Shoals:2 | Received a gift from Okawaru
 23040 | Shoals:2 | Got a slimy arbalest {god gift}
 23041 | Shoals:2 | Identified the +9 arbalest of Elitism {elec, Str+4} (Okawaru gifted it to you on level 2 of the Shoals)
 23397 | Shoals:2 | Found Rant's Assorted Antiques.
 23437 | Shoals:2 | Bought a blackened plate armour for 1064 gold pieces
 23437 | Shoals:2 | Identified the +1 plate armour of Hecuim {Str+2} (You bought it in a shop on level 2 of the Shoals)
 23494 | Shoals:2 | Reached skill level 1 in Throwing
 23511 | Shoals:2 | Found Yruloj Ixup's Book Shoppe.
 23765 | Shoals:2 | Reached XP level 17. HP: 96/110 MP: 28/28
 24079 | Orc:1    | Entered Level 1 of the Orcish Mines
 24106 | Orc:1    | Found Aqusuepp's General Store.
 24224 | Orc:1    | Found a runed gate.
 24225 | Orc:1    | Found a runed gate.
 24226 | Orc:1    | Found a runed gate.
 24278 | Orc:1    | Noticed casual's ghost (journeyman DsWn)
 24312 | Orc:1    | Killed casual's ghost
 24360 | Orc:2    | Entered Level 2 of the Orcish Mines
 24360 | Orc:2    | Noticed Urug
 24375 | Orc:2    | Killed Urug
 24413 | Orc:2    | Noticed Rupert
 24427 | Orc:2    | Killed Rupert
 24427 | Orc:2    | Reached skill level 14 in Fighting
 24673 | Orc:2    | Identified the +2 helmet "Sepoc" {Int+3} (You found it on level 2 of the Orcish Mines)
 24706 | Orc:2    | Found a staircase to the Elven Halls.
 24846 | Orc:2    | Reached skill level 5 in Fire Magic
 24910 | Orc:2    | Found a roughly hewn altar of Beogh.
 24933 | Orc:2    | Found Osiol's Antique Weapon Shoppe.
 24939 | Orc:2    | Received a gift from Okawaru
 24989 | Orc:2    | Found Xiadicw's Magic Scroll Shop.
 25390 | Orc:2    | Found a roughly hewn altar of Beogh.
 25395 | Orc:2    | Received a gift from Okawaru
 25511 | Orc:2    | Found Buuseid's Assorted Antiques.
 25534 | Orc:2    | Bought a jade ring for 145 gold pieces
 25541 | Orc:2    | Found Fiqugila's Magic Scroll Shoppe.
 25664 | Orc:2    | Received a gift from Okawaru
 25667 | Orc:2    | Identified the +1 hat "Zibbugaa" {*Corrode rC+ SInv} (Okawaru gifted it to you on level 2 of the Orcish Mines)
 26689 | D:15     | Entered Level 15 of the Dungeon
 27292 | D:15     | Found a staircase to the Depths.
 27938 | Shoals:4 | Entered Level 4 of the Shoals
 28005 | Shoals:4 | Reached skill level 5 in Throwing
 28216 | Shoals:3 | Reached XP level 18. HP: 84/118 MP: 29/29
 28272 | Shoals:3 | Received a gift from Okawaru
 28275 | Shoals:3 | Got an encrusted mace {god gift}
 28276 | Shoals:3 | Identified the +5 mace of Koh Pung {flame, rPois rC+ Str+3} (Okawaru gifted it to you on level 3 of the Shoals)
 28531 | Shoals:3 | Got a pitted crystal plate armour
 28560 | Shoals:2 | Identified the +13 crystal plate armour of the Republic {Int+2} (You acquired it on level 3 of the Shoals)
 29523 | Shoals:4 | Got a barnacled rune of Zot
 29967 | Shoals:4 | Received a gift from Okawaru
 30164 | Shoals:4 | Found Aluown's Antique Armour Emporium.
 30823 | Orc:1    | Bought a +3 ring of slaying for 585 gold pieces
 31024 | Snake:1  | Entered Level 1 of the Snake Pit
 31096 | Snake:1  | Found Zoasa Bauk's Armour Boutique.
 31502 | Snake:1  | Received a gift from Okawaru
 31505 | Snake:1  | Identified the +4 chain mail of Beyond {rF+ rN+} (Okawaru gifted it to you on level 1 of the Snake Pit)
 31994 | Snake:1  | Reached skill level 15 in Armour
 32732 | Snake:2  | Noticed Vashnia
 32743 | Snake:2  | Reached XP level 19. HP: 112/123 MP: 30/30
 32795 | Snake:2  | Killed Vashnia
 33261 | Snake:3  | Reached skill level 15 in Fighting
 33284 | Snake:3  | Reached skill level 10 in Hexes
 33352 | Snake:3  | Received a gift from Okawaru
 34133 | Snake:4  | Entered Level 4 of the Snake Pit
 34385 | Snake:4  | Received a gift from Okawaru
 34498 | Snake:4  | Got a transparent iron ring
 34506 | Snake:4  | Identified the ring of Jailam {rC+ rN+ Str+5 Dex+6} (You found it on level 4 of the Snake Pit)
 34700 | Lair:3   | Identified the +8 broad axe of Arbitration {freeze, *Drain rN+ Int+6 Dex+2} (Okawaru gifted it to you on level 3 of the Lair of Beasts)
 34985 | Snake:4  | Received a gift from Okawaru
 35142 | Snake:4  | Reached skill level 16 in Fighting
 35213 | Snake:4  | Reached XP level 20. HP: 112/131 MP: 31/31
 35901 | Snake:4  | Got a serpentine rune of Zot
 36331 | Snake:4  | Found a shimmering altar of Xom.
 36679 | Vaults:1 | Entered Level 1 of the Vaults
 36802 | Vaults:1 | Reached skill level 10 in Fire Magic
 36860 | Vaults:1 | Received a gift from Okawaru
 37067 | Vaults:1 | Reached skill level 17 in Fighting
 37702 | Vaults:1 | Received a gift from Okawaru
 37763 | Vaults:1 | Reached XP level 21. HP: 78/139 MP: 32/32
 38136 | Vaults:1 | Found Efafo's Book Shoppe.
 38144 | Vaults:1 | Bought a book of Minor Magic for 240 gold pieces
 38147 | Vaults:1 | Learned a level 2 spell: Blink
 38421 | Vaults:1 | Found a runed gate.
 38421 | Vaults:1 | Found a runed gate.
 38421 | Vaults:1 | Found a runed gate.
 38423 | Vaults:1 | Noticed Aptytisy's ghost (veteran GrWz)
 38424 | Vaults:1 | Noticed Ysaheo's ghost (adept MfSk)
 38443 | Vaults:1 | Killed Aptytisy's ghost
 38443 | Vaults:1 | Reached skill level 1 in Translocations
 38462 | Vaults:1 | Killed Ysaheo's ghost
 38540 | Vaults:2 | Received a gift from Okawaru
 38593 | Vaults:1 | Received a gift from Okawaru
 38963 | Vaults:2 | Found a staircase to the Crypt.
 39077 | Vaults:2 | Reached skill level 18 in Fighting
 39596 | Vaults:2 | Received a gift from Okawaru
 39750 | Vaults:2 | Reached skill level 5 in Translocations
 41070 | Vaults:3 | Received a gift from Okawaru
 41073 | Vaults:3 | Reached skill level 19 in Fighting
 41098 | Vaults:3 | Identified the +1 pair of boots of Vanity {-Cast rF+ MR+} (Okawaru gifted it to you on level 3 of the Vaults)
 41138 | Vaults:3 | Noticed Mara
 41143 | Vaults:3 | Noticed Ijustatesigmund's illusion
 41161 | Vaults:3 | Killed Mara
 41161 | Vaults:3 | Reached XP level 22. HP: 115/149 MP: 33/33
 41400 | Vaults:3 | Paralysed by a floating eye for 4 turns
 42639 | Vaults:4 | Reached skill level 10 in Translocations
 42653 | Vaults:4 | Received a gift from Okawaru
 44266 | Elf:1    | Entered Level 1 of the Elven Halls
 44379 | Elf:1    | Received a gift from Okawaru
 44387 | Elf:1    | Reached skill level 10 in Shields
 44870 | Elf:1    | Reached XP level 23. HP: 138/155 MP: 35/35
 44963 | Elf:1    | Found Dviev's Desiderata Depot.
 45210 | Elf:1    | Received a gift from Okawaru
 45665 | Elf:2    | Noticed Azrael
 45685 | Elf:2    | Killed Azrael
 45916 | Elf:2    | Found a huge runed gate.
 45916 | Elf:2    | Found a huge runed gate.
 45917 | Elf:2    | Found a huge runed gate.
 46126 | Elf:2    | Received a gift from Okawaru
 46569 | Elf:3    | Entered Level 3 of the Elven Halls
 46792 | Elf:3    | Received a gift from Okawaru
 46867 | Elf:3    | Noticed Donald
 46886 | Elf:3    | Killed Donald
 47006 | Elf:3    | Noticed Asterion
 47021 | Elf:3    | Killed Asterion
 47177 | Elf:3    | Reached skill level 1 in Evocations
 47940 | Elf:3    | Received a gift from Okawaru
 47943 | Elf:3    | Identified the +1 hat "Labeic" {Dex+3 Stlth+} (Okawaru gifted it to you on level 3 of the Elven Halls)
 48182 | Elf:3    | Reached skill level 5 in Evocations
 48412 | Elf:3    | Reached XP level 24. HP: 140/160 MP: 35/35
 49020 | Elf:3    | Identified a +2 pair of boots of running (You found it on level 3 of the Elven Halls)
 49056 | Elf:3    | Identified Weulegel's Handbook of Floating Toxins
 49609 | Depths:1 | Entered Level 1 of the Depths
 49609 | Depths:1 | Found a gateway to Hell.
 49753 | Depths:1 | Upgraded the game from 0.22.0-25-g7663229 to 0.22.0-27-ga576289
 49779 | Depths:1 | Found a one-way gate leading to the halls of Pandemonium.
 49904 | Depths:1 | Reached skill level 20 in Fighting
 49909 | Depths:1 | Received a gift from Okawaru
 50299 | Depths:1 | Received a gift from Okawaru
 50562 | Depths:1 | Found a one-way gate to the infinite horrors of the Abyss.
 50898 | Depths:1 | Found a runed door.
 50923 | Depths:1 | Reached skill level 21 in Fighting
 51048 | Depths:2 | Paralysed by a sphinx for 4 turns
 51118 | Depths:2 | Noticed Nikola
 51295 | Depths:2 | Killed Nikola
 51505 | Depths:2 | Reached skill level 22 in Fighting
 51523 | Depths:2 | Paralysed by a sphinx for 2 turns
 51533 | Depths:2 | Reached XP level 25. HP: 166/173 MP: 35/35
 51656 | Depths:2 | Received a gift from Okawaru
 51987 | Depths:2 | Gained mutation: You are weak. (Str -2) [a shining eye]
 51992 | Depths:2 | Gained mutation: You can translocate small distances at will. [a shining eye]
 53751 | Depths:4 | Received a gift from Okawaru
 54487 | Depths:4 | Received a gift from Okawaru
 54487 | Depths:4 | Reached XP level 26. HP: 153/181 MP: 36/36
 54838 | Depths:4 | Identified the +0 buckler "Wattehex" {Int+4 SInv} (Okawaru gifted it to you on level 4 of the Depths)
 55033 | Depths:4 | Noticed a juggernaut
 55036 | Depths:4 | Paralysed by a floating eye for 3 turns
 55054 | Depths:4 | Killed a juggernaut
 55235 | Depths:4 | Found a corrupted altar of Lugonu.
 55354 | Depths:4 | Reached skill level 23 in Fighting
 55360 | Depths:4 | Paralysed by a floating eye for 4 turns
 55375 | Depths:4 | Found the +8 glaive of the Guard {elec, +Rage AC+5 SInv}
 55492 | Depths:5 | Entered Level 5 of the Depths
 55537 | Depths:4 | Reached skill level 10 in Dodging
 55654 | Depths:5 | Found a gateway to a ziggurat.
 55804 | Depths:5 | Found a gate to the Realm of Zot.
 55916 | Depths:5 | Received a gift from Okawaru
 55917 | Depths:5 | Found the +10 morningstar "Eos" {elec, Halo rElec}
 56130 | Depths:5 | Found Piush's Gadget Shop.
 56130 | Depths:5 | Found Nixziok's Jewellery Shoppe.
 56131 | Depths:5 | Found Jyth's Jewellery Shoppe.
 57332 | Vaults:5 | Entered Level 5 of the Vaults
 57352 | Vaults:5 | Received a gift from Okawaru
 57368 | Vaults:5 | Reached XP level 27. HP: 175/188 MP: 36/36
 57780 | Vaults:4 | Reached skill level 24 in Fighting
 57967 | Vaults:5 | Received a gift from Okawaru
 58093 | Vaults:5 | Identified the ring "Veeclu" {Ice *Drain MR+ Str+2 Slay+3} (You took it off a deep elf elementalist on level 5 of the Vaults)
 58147 | Vaults:5 | Got a glittering ruby amulet
 58252 | Vaults:5 | Identified the amulet of Epsuem {Acrobat MR+ Slay+2} (You took it off a tengu reaver on level 5 of the Vaults)
 58311 | Vaults:5 | Identified the Catalogue of Combat Magic and the Escort
 58420 | Vaults:5 | Identified the Handbook of the Toxic Snowflakes
 58474 | Vaults:5 | Got a silver rune of Zot
 58525 | Vaults:5 | Learned a level 1 spell: Apportation
 59235 | Crypt:1  | Entered Level 1 of the Crypt
 59237 | Crypt:1  | Found a burning altar of Makhleb.
 60065 | Crypt:2  | Received a gift from Okawaru
 60086 | Crypt:2  | Identified the cursed +0 scale mail of the Eternal Fruit {rF+ Dex+4} (You found it on level 2 of the Crypt)
 60710 | Crypt:3  | Entered Level 3 of the Crypt
 60817 | Crypt:3  | Reached skill level 15 in Shields
 61090 | Crypt:3  | Found a basalt altar of Yredelemnul.
 61334 | Crypt:3  | Got a crude ivory ring
 61335 | Crypt:3  | Identified the ring "Ittayf" {+Fly rF++ Str+2 Int+4} (You found it on level 3 of the Crypt)
 61857 | Crypt:3  | Found a staircase to the Tomb.
 62202 | Crypt:3  | Received a gift from Okawaru
 62349 | Crypt:3  | Found the amulet of Vitality {Regen+ HP+15}
 62935 | Hell     | Entered the Vestibule of Hell
 62941 | Hell     | Noticed Geryon
 62983 | Hell     | Received a gift from Okawaru
 63002 | Hell     | Killed Geryon
 63042 | Hell     | Got a translucent hat {god gift}
 63175 | Depths:1 | Identified the +0 hat of Disaster {*Corrode rF+ rN++ Dex+3} (Okawaru gifted it to you in the Vestibule of Hell)
 63358 | Hell     | Found a gateway to the Iron City of Dis.
 63447 | Hell     | Found a gateway to the freezing wastes of Cocytus.
 63603 | Hell     | Found a gateway to the decaying netherworld of Tartarus.
 63707 | Hell     | Found a gateway to the ashen valley of Gehenna.
 63832 | Coc:1    | Entered Level 1 of Cocytus
 63955 | Coc:1    | Reached skill level 25 in Fighting
 64681 | Coc:3    | Received a gift from Okawaru
 65000 | Coc:7    | Entered Level 7 of Cocytus
 65706 | Coc:7    | Reached skill level 26 in Fighting
 65797 | Coc:7    | Received a gift from Okawaru
 65840 | Coc:7    | Identified Sif Muna's Compendium of the Oath
 66482 | Coc:7    | Noticed Antaeus
 66653 | Coc:7    | Identified the +2 helmet of the Republic {Str+4} (You found it on level 7 of Cocytus)
 66655 | Coc:7    | Identified the +8 chain mail of the Desolation of Salt {rC+++ Str-5 Int-4 Dex+6} (You found it on level 7 of Cocytus)
 66771 | Coc:7    | Killed Antaeus
 66796 | Coc:7    | Identified the Disquisition on Flames
 66801 | Coc:7    | Got an icy rune of Zot
 66856 | Coc:7    | Reached skill level 15 in Dodging
 67028 | Geh:1    | Entered Level 1 of Gehenna
 67179 | Geh:2    | Received a gift from Okawaru
 68262 | Geh:7    | Entered Level 7 of Gehenna
 68396 | Geh:7    | Received a gift from Okawaru
 69247 | Geh:7    | Noticed Asmodeus
 69282 | Geh:7    | Killed Asmodeus
 69332 | Geh:7    | Killed from afar by a hellion

Skill      XL: |  1  2  3  4  5  6  7  8  9 10 11 12 13 14 15 16 17 18 19 20 21 22 23 24 25 26 27 |
---------------+----------------------------------------------------------------------------------+-----
Maces & Flails | 3 5 6 7 9 10 11 12 13 14 15 16 17 18 20 21 22 | 22.3
Fighting       | 4 5 6 7 8 9 11 12 13 14 16 17 19 22 23 26 | 26.0
Armour         | 5 8 10 11 15 17 18 22 | 22.7
Shields        | 5 8 9 10 12 19 | 19.0
Invocations    | 4 6 8 10 12 14 15 16 17 18 19 20 | 20.3
Dodging        | 3 4 5 7 9 11 17 | 17.3
Hexes          | 8 11 | 11.0
Fire Magic     | 4 6 7 8 10 11 | 11.2
Throwing       | 1 5 |  5.3
Translocations | 7 10 | 10.5
Evocations     | 6 7 |  7.9

Action                   |  1- 3 |  4- 6 |  7- 9 | 10-12 | 13-15 | 16-18 | 19-21 | 22-24 | 25-27 || total
-------------------------+-------+-------+-------+-------+-------+-------+-------+-------+-------++-------
Melee: Flail             |   149 |   171 |   542 |   372 |       |       |       |       |       ||  1234
       Morningstar       |       |       |       |   461 |  1617 |  2468 |  2214 |  1184 |       ||  7944
       Unarmed           |       |       |       |       |     1 |       |       |       |       ||     1
       Eveningstar       |       |       |       |       |       |       |       |   321 |  3630 ||  3951
       Great mace        |       |       |       |       |       |       |       |   198 |  1065 ||  1263
Throw: Tomahawk          |       |       |       |     2 |     3 |       |       |       |       ||     5
       Javelin           |       |       |       |       |       |       |       |       |     6 ||     6
 Cast: Inner Flame       |       |       |       |       |       |       |     2 |       |       ||     2
       Apportation       |       |       |       |       |       |       |       |       |     1 ||     1
Invok: Heroism           |       |       |     3 |     7 |    17 |    14 |    10 |     8 |    36 ||    95
       Finesse           |       |       |       |       |     9 |     8 |     8 |     6 |    19 ||    50
 Abil: Fly               |       |       |       |       |     2 |     6 |       |       |     3 ||    11
       Stop Flying       |       |       |       |       |     2 |     6 |       |       |     2 ||    10
       Blink             |       |       |       |       |       |       |       |       |    15 ||    15
Evoke: Wand              |       |       |     2 |    12 |    23 |     4 |       |    13 |    17 ||    71
  Use: Scroll            |     5 |     6 |     9 |     8 |    15 |    21 |    14 |    14 |    30 ||   122
       Potion            |     1 |     1 |     5 |     4 |     3 |     2 |     1 |     4 |    25 ||    46
 Stab: Confused          |       |       |       |       |     3 |       |       |       |       ||     3
       Distracted        |       |       |       |       |       |       |       |       |     1 ||     1
  Eat: Chunk             |     2 |     4 |     9 |    10 |    15 |    15 |     6 |    17 |    11 ||    89
       Ration            |       |       |     4 |     5 |     5 |     9 |     7 |     5 |    17 ||    52
Armor: Scale mail        |    82 |    73 |       |       |   449 |   587 |       |       |       ||  1191
       Fire dragon scale |       |    25 |   327 |   539 |   342 |       |       |       |       ||  1233
       Crystal plate arm |       |       |       |       |       |   384 |  1235 |  1112 |  2636 ||  5367
Dodge: Dodged            |    46 |    53 |   162 |   369 |   847 |  1065 |   662 |   547 |  1737 ||  5488
Block: Shield            |    71 |    90 |   274 |   491 |   984 |  1475 |  1798 |   537 |       ||  5720
       Reflection        |       |       |       |       |       |    81 |   210 |   142 |     1 ||   434
       Large shield      |       |       |       |       |       |       |       |   895 |  4214 ||  5109
       Other             |       |       |       |       |       |       |       |    45 |       ||    45
